 Dungeon Crawl Stone Soup version 0.31-a0-986-g5e6e4ef867 (webtiles) character file.

Game seed: 10785931378820973482

29 horus123 the Magician (level 3, -1/19 HPs)
             Began as a Deep Elf Earth Elementalist on Nov 22, 2023.
             Slain by a black bear (4 damage)
             ... on level 2 of the Dungeon.
             The game lasted 00:00:55 (1045 turns).

horus123 the Magician (Deep Elf Earth Elementalist) Turns: 1045, Time: 00:00:55

Health: -1/19      AC:  2    Str:  5    XL:     3   Next: 1%
Magic:  7/11       EV: 12    Int: 21    God:
Gold:   55         SH:  0    Dex: 15    Spells: 10/11 levels left

rFire   . . .        d - +0 short sword
rCold   . . .        (no shield)
rNeg    . . .        a - +0 robe
rPois   .            (no helmet)
rElec   .            (no cloak)
rCorr   .            (no gloves)
SInv    .            (no boots)
Will    .....        (no amulet)
Stlth   ++           (no ring)
HPRegen 0.23/turn    (no ring)
MPRegen 0.12/turn

%: no passive effects
@: no status effects
A: no striking features
a: no special abilities


You were on level 2 of the Dungeon.
You visited 1 branch of the dungeon, and saw 2 of its levels.

You collected 55 gold pieces.

Inventory:

Hand Weapons
 d - a +0 short sword (weapon)
Armour
 a - a +0 robe (worn)
Scrolls
 c - a scroll of blinking {unknown}
 f - a scroll of amnesia {unknown}
 g - a scroll of immolation {unknown}
 k - a scroll of enchant weapon {unknown}
 m - a scroll of teleportation {unknown}
Potions
 b - a potion of magic
 e - a potion of invisibility {unknown}
 h - a potion of berserk rage {unknown}
 i - a potion of might {unknown}
 j - a potion of haste {unknown}
 l - a potion of curing {unknown}


   Skills:
 - Level 2.4 Dodging
 - Level 2.4 Stealth
 + Level 4.9 Spellcasting
 - Level 1.1 Transmutations
 - Level 3.2 Earth Magic


You had 10 spell levels left.
You knew the following spells:

 Your Spells              Type           Power      Damage    Failure   Level
a - Sandblast             Erth           38%        2d10      2%          1

Your spell library contained the following spells:

 Spells                   Type           Power      Damage    Failure   Level
 Passwall                 Tmut/Erth      11%        N/A       7%          2
 Stone Arrow              Conj/Erth      24%        3d8       17%         3
 Gell's Gravitas          Tloc           5%         N/A       32%         3
 Teleport Other           Tloc           5%         N/A       32%         3
 Petrify                  Tmut/Erth      14%        N/A       41%         4
 Brom's Barrelling Bould  Conj/Erth      12%        2d4       50%         4
 Dispersal                Tloc           2%         N/A       100%        6


Dungeon Overview and Level Annotations

Branches:
Dungeon (2/15)

Altars:


Message History

The bat barely misses you. The hobgoblin misses you.
The hobgoblin barely misses you.
The blast of sand hits the hobgoblin!
You kill the hobgoblin!
The bat hits you.
A hobgoblin comes into view.
The blast of sand hits the bat!
You kill the bat!
The blast of sand hits the hobgoblin.
The hobgoblin is heavily wounded.
You are out of magic!
The hobgoblin closely misses you.
You closely miss the hobgoblin.
The hobgoblin is heavily wounded.
The hobgoblin closely misses you.
You hit the hobgoblin.
You kill the hobgoblin!
You have reached level 3!
Your experience leads to an increase in your attributes!
Increase (S)trength, (I)ntelligence, or (D)exterity?
You feel clever. x2
HP restored.
A black bear comes into view.
The black bear growls angrily.
The blast of sand hits the black bear.
The black bear is lightly wounded.
The blast of sand hits the black bear!
The black bear is severely wounded.
The black bear goes berserk!
The blast of sand hits the black bear but does no damage.
The black bear is severely wounded.
The black bear completely misses you.
The black bear claws you but does no damage.
The black bear claws you.
The blast of sand hits the black bear.
The black bear is almost dead.
The black bear bites you! The black bear claws you.
* * * LOW HITPOINT WARNING * * *
The black bear claws you.
You die...

....##........#
....##........# ..
..............#...#
...##........... .#
...#........### .#
####........# ##.#
#........####..#
#............h.#
#............@.##.#
#.......#.........#
###.#.....##.######
#.#.#........
#.#.#.####..##
..#.# ##.. ## #.
###


You could see a black bear (berserk).

Vanquished Creatures
  4 endoplasms
  2 giant cockroaches (D:1)
  5 goblins
  3 hobgoblins
  3 jackals (D:1)
  A ball python (D:1)
  3 bats (D:2)
  2 kobolds
  A rat (D:1)
24 creatures vanquished.

Notes
Turn   | Place    | Note
-------+----------+-------------------------------------------
     0 | D:1      | horus123 the Deep Elf Earth Elementalist began the quest
                  | for the Orb.
     0 | D:1      | Reached XP level 1. HP: 10/10 MP: 6/6
   295 | D:1      | Reached skill level 4 in Spellcasting
   295 | D:1      | Reached XP level 2. HP: 7/15 MP: 0/9
   943 | D:2      | Reached XP level 3. HP: 17/19 MP: 1/11
  1040 | D:2      | Noticed a black bear
  1045 | D:2      | Slain by a black bear

Illustrated notes

Levels and vault maps discovered:
D:1:      dpeg_arrival_round_a, layout_basic, hex_large, minmay_hexomino_u4
D:2:      layout_basic, chequers_ecumenical_altar_island, uniq_jessica

Skill      XL: |  1 |
---------------+----+-----
Spellcasting   | 4 |  4.9
Dodging        | |  2.4
Stealth        | |  2.4
Transmutations | |  1.1
Earth Magic    | |  3.2

Action                     || total
---------------------------++-------
  Melee: Short sword       ||     2
   Cast: Sandblast         ||    40
 Armour: Robe              ||    19
  Dodge: Dodged            ||    26

Table legend: (Time is in decaauts)
 A = Elapsed time spent in this place.
 B = Non-inter-level travel time spent in this place.
 C = Inter-level travel time spent in this place.
 D = Time resting spent in this place.
 E = Time spent auto-exploring this place.
 F = Levels seen in this place.
 G = Mean time per level.
                   A        B        C        D        E       F      G
               +--------+--------+--------+--------+--------+-----+--------+
         Total |   1063 |   1038 |     25 |     79 |    836 |   2 |  531.5 |
       Dungeon |   1063 |   1038 |     25 |     79 |    836 |   2 |  531.5 |
               +--------+--------+--------+--------+--------+-----+--------+

Top non-repeatable levels by time:
     D:1: 890 daAuts
     D:2: 173 daAuts
